woodfighter, neutral female human Wizard --- --.--- |....| |. |<...--- |.--------...-- |.)...| --....- ---...-- |..... |....---|....- |......--....- ---........I..| |........^I- --....--.--- ---.----- --- woodfighter the Thaumaturge Experience level: 6 Strength: 11 Dexterity: 11 Constitution: 14 Intelligence: 15 Wisdom: 17 Charisma: 9 Health: 0(41) Energy: 50(62) Def: 2 Gold: 0 Moves: 2773 Dungeon seed: pEKsYqxvqvqnXn3G Game ID: woodfighter_1448233754 Your Inventory: Weapons a - a blessed +1 quarterstaff (weapon in hands) Armor e - a blessed +0 cloak of magic resistance (being worn) n - an uncursed +0 orcish helm (being worn) q - an uncursed +0 dwarvish cloak y - an uncursed +0 pair of elven boots I - an uncursed +0 dwarvish cloak O - an uncursed +0 dwarvish cloak Y - an uncursed +0 dwarvish cloak Comestibles t - 4 uncursed food rations u - an uncursed fortune cookie C - an uncursed orange J - an uncursed tripe ration Rings M - an uncursed ring of cold resistance Wands d - a wand of nothing (0:7) m - a wand of enlightenment (0:14) F - a wand of fire (0:6) Tools i - a cursed oil lamp (lit) (0:740) s - an uncursed oilskin sack H - an uncursed sack P - a cursed tallow candle (0:200) T - an uncursed tallow candle (0:200) Gems r - an uncursed jasper stone D - 2 uncursed worthless pieces of red glass E - an uncursed garnet stone K - an uncursed fluorite stone L - an uncursed worthless piece of violet glass N - an uncursed worthless piece of black glass Contents of the oilskin sack: 530 gold pieces an uncursed scroll of confuse monster 2 uncursed scrolls of identify an uncursed scroll of magic mapping an uncursed scroll of scare monster a blessed scroll of teleportation an uncursed scroll of teleportation a cursed scroll of water an uncursed spellbook of detect treasure an uncursed spellbook of detect unseen a blessed spellbook of force bolt an uncursed spellbook of wizard lock an uncursed potion of enlightenment an uncursed potion of gain ability an uncursed potion of object detection an uncursed potion of sleeping 8 uncursed tallow candles (0:200) Spells and supernatural/magical abilities: Name Level Category Fail Memory a - force bolt 1 attack 3% 87% w - wizard lock 2 matter 76% 87% W - pray for help -- divine ? -- Your skills at the end: Miscellaneous Skills wands [Basic] Weapon Skills quarterstaff [Basic] Spellcasting Skills attack spells [Basic] enchantment spells [Basic] Final Attributes: You were devoutly aligned. You were magic-protected. You were blinded. You are dead. Vanquished creatures: a Woodland-elf 2 yellow lights a shrieker 3 gnome lords an elf zombie a giant ant a kitten 4 dwarves an iguana 3 orc zombies 3 hobbits an acid blob 3 geckos 2 cave spiders 17 gnomes a manes 3 jackals 2 foxes 3 kobolds 2 newts 3 goblins a sewer rat 8 grid bugs a lichen 68 creatures vanquished. Voluntary challenges: You did not adorn yourself with jewelry or accessories. You were an atheist. You used a wielded weapon 54 times, starting on turn 2. You did not apply a unicorn horn. You were illiterate. You never genocided any monsters. You never polymorphed an object. You never changed form. You used no wishes. You never split a pudding. You never wrote Elbereth's name. You never violated your personal moral code. Dungeon overview: The Dungeons of Doom: levels 1 to 5 Level 1 a fountain a long staircase Level 2 (vault) a fountain, a sink Level 3 Level 4 (vault + locked box) a fountain stairs to The Gnomish Mines Level 5 The Gnomish Mines: levels 5 to 7 Level 5 stairs to The Dungeons of Doom Level 6 Level 7 <- You were here History has recorded: On T:1 you entered the Dungeons of Doom to retrieve the Amulet of Yendor! On T:139 you reached level 2 of The Dungeons of Doom. On T:142 you advanced to experience level 2. On T:560 you advanced to experience level 3. On T:648 you reached level 3 of The Dungeons of Doom. On T:1066 you reached level 4 of The Dungeons of Doom. On T:1364 you advanced to experience level 4. On T:1909 you reached level 5 of The Dungeons of Doom. On T:2002 you reached level 1 of The Gnomish Mines. On T:2116 you advanced to experience level 5. On T:2168 you reached level 2 of The Gnomish Mines. On T:2397 you reached level 3 of The Gnomish Mines. On T:2468 you advanced to experience level 6. Score breakdown: Gold: 530 ( 53 points) Experience: 6 levels ( 500 points) Exploration: 7 levels ( 180 points) Discoveries: 1 item ( 50 points) Variety of kills: 24 monsters ( 1200 points) Major goal: (nothing yet) ( 0 points) Survival: died (score multiplied by 3) Total score: 5949 Latest messages: You put a scroll labeled LEP GEX VEN ZEA into the bag called not holding. You put an uncursed spellbook of wizard lock into the bag called not holding. You put a plaid spellbook into the bag called not holding. You put a blessed spellbook of force bolt into the bag called not holding. You put a cloth spellbook into the bag called not holding. You put a white potion into the bag called not holding. You put a bubbly potion into the bag called not holding. You put a cloudy potion into the bag called not holding. You put a cyan potion into the bag called not holding. The spell misses it. Something pecks! Something punches you! You die... The sack is empty. The sack is empty. Final status: Goodbye woodfighter the Wizard, killed by a bugbear... You died in The Gnomish Mines on dungeon level 7 with 5949 points, and 530 pieces of gold, after 2773 moves. You were level 6 with a maximum of 41 hit points when you died.